 Dungeon Crawl Stone Soup version 0.17-a0-1-g1f4be75 (console) character file.

7207 Fusha the Nimble (level 10, -1/84 HPs)
             Began as a Demigod Assassin on Mar 11, 2015.
             Killed by divine providence
             ... invoked by an orc priest
              (9 damage)
             ... on level 11 of the Dungeon.
             The game lasted 00:53:37 (16200 turns).

Fusha the Nimble (Demigod Assassin)                Turns: 16200, Time: 00:53:37

Health: -1/84      AC: 12    Str: 14    XL:     10   Next: 57%
Magic:  19/19      EV: 22    Int: 17    God:
Gold:   550        SH:  0    Dex: 25    Spells: 2 memorised, 6 levels left

rFire  . . .     SeeInvis .     a - +2 rapier (venom)
rCold  . . .     Clarity  .     s - +3 leather armour {MR+}
rNeg   . . .     SustAb   +     (no shield)
rPois  .         Gourm    +     l - +0 helmet
rElec  .         Spirit   .     d - +2 cloak
rCorr  .         Warding  .     x - +0 pair of gloves
rMut   .         Stasis   .     v - +0 pair of boots
MR     ++...                    C - amulet of the gourmand
Stlth  ++++......               y - +2 ring of dexterity
                                r - +2 ring of intelligence

@: very resistant to hostile enchantments, stealthy
A: sustain abilities
a: no special abilities


You were on level 11 of the Dungeon.
You were hungry.

You visited 1 branch of the dungeon, and saw 11 of its levels.

You collected 640 gold pieces.
You spent 90 gold pieces at shops.

Inventory:

Hand weapons
 a - a +2 rapier of venom (weapon)
 b - a +0 blowgun
 J - a +2 dagger of speed
 K - a +4 dagger
Missiles
 e - 5 stones (quivered)
 f - 2 curare-tipped needles
 j - 15 poisoned needles
 E - 2 throwing nets
Armour
 d - a +2 cloak (worn)
 k - a -1 leather armour
 l - a +0 helmet (worn)
 s - a +3 leather armour of magic resistance (worn)
 v - a +0 pair of boots (worn)
 x - a +0 pair of gloves (worn)
Jewellery
 r - a +2 ring of intelligence (left hand)
 y - a +2 ring of dexterity (right hand)
 C - an amulet of the gourmand (around neck)
Magical devices
 q - a wand of slowing (0)
 z - a wand of fire (5)
 L - a wand of flame (0)
 Q - a wand of fire (6)
 R - a wand of digging (10)
 S - a wand of teleportation (5)
Scrolls
 c - 3 scrolls of teleportation {unknown}
 g - a scroll of immolation {unknown}
 i - 2 scrolls of fear
 m - 4 scrolls of amnesia
 p - 2 scrolls of magic mapping
 t - a scroll of enchant weapon
 u - a scroll of random uselessness
 w - a scroll of remove curse
 D - a scroll of blinking {unknown}
 G - 2 scrolls of fog {unknown}
 I - a scroll of recharging {unknown}
Potions
 h - a potion of cure mutation
 A - a potion of might
 H - a potion of restore abilities
 M - a potion of brilliance {unknown}
 N - a potion of resistance {unknown}
 O - a potion of haste
 P - a potion of agility
Books
 n - a book of Fire

   Spells                             Type                      Level
   a - Ignite Poison                  Fire/Transmutation           5
   b - Fireball                       Conjuration/Fire             5
   c - Bolt of Fire                   Conjuration/Fire             6
   d - Delayed Fireball               Conjuration/Fire             7
   e - Ring of Flames                 Charms/Fire                  7
 o - a book of Burglary

   Spells                             Type                      Level
   a - Swiftness                      Charms/Air                   2
   b - Passwall                       Transmutation/Earth          3
   c - Passage of Golubria            Translocation                4
   d - Lee's Rapid Deconstruction     Earth                        5
   e - Invisibility                   Hexes                        6
   f - Darkness                       Hexes                        7
 B - a book of Beasts

   Spells                             Type                      Level
   a - Summon Butterflies             Summoning                    1
   b - Call Canine Familiar           Summoning                    3
   c - Summon Ice Beast               Ice/Summoning                4
   d - Summon Mana Viper              Hexes/Summoning              5
   e - Monstrous Menagerie            Summoning                    6
   f - Summon Hydra                   Summoning                    7
Comestibles
 F - 8 royal jellies
 T - 4 fruits


   Skills:
 + Level 6.5 Fighting
 + Level 6.7 Short Blades
 + Level 5.0 Throwing
 + Level 9.6 Dodging
 + Level 7.6 Stealth
 + Level 0.1 Spellcasting
 + Level 0.1 Air Magic
 + Level 1.8 Evocations


You had 6 spell levels left.
You knew the following spells:

 Your Spells              Type           Power        Failure   Level  Hunger
a - Swiftness             Chrm/Air       #.......     45%         2    ###....
b - Summon Butterflies    Summ           #.......     30%         1    ##.....


Dungeon Overview and Level Annotations

Branches:
Dungeon (11/15)            Temple (0/1) D:6
   Lair: D:8-11         Orc: D:9-12

Shops:
D:4 *   D:6 =   D:7 }   D:10 [

Annotations:
D:6 more
D:10 Erica
D:11 1 runed door


Innate Abilities, Weirdness & Mutations

Your attributes are resistant to harm.


Message History

Evoke which item? (* to show all) (? for menu, Esc to quit)
Zapping:
z - a wand of fire (6)
Press: ? - help, Shift-Dir - straight line, f - warg
Aim: a warg (heavily wounded)
The bolt of fire hits the warg.
You kill the warg!
The bolt of fire hits the warg.
You kill the warg!
The bolt of fire hits the orc priest.
The orc priest is almost dead.
This wand has 5 charges left.
The kobold throws a stone.
The stone misses you.
The orc priest calls down the wrath of Beogh upon you.
Something smites you!
* * * LOW HITPOINT WARNING * * *
You see here a warg corpse.
You barely miss the orc priest.
The orc priest is almost dead.
The orc priest mumbles some strange prayers to Beogh against you.
Something smites you!
You die...

################.
........<........ .
...........##.###
....K########.....8#
....KK..(@o........+
....K#######......8# #
..#######..##...#####.
...........####.......
......................
......................
.############..######
#)o# #######..#######


You could see a big kobold, an orc priest and 3 kobolds.

Vanquished Creatures
  A hill giant (D:10)
  Pikel (D:6)
  A troll (D:10)
  2 wolves
  Eustachio (D:4)
  A deep elf mage (D:9)
  Grum (D:9)
  2 hungry ghosts
  2 wargs (D:11)
  2 phantoms
  2 slaves (D:6)
  4 orc warriors
  2 ice beasts
  8 ogres
  5 centaurs
  Blork the orc (D:9)
  4 giant frogs
  A wyvern zombie (D:10)
  5 scorpions
  10 killer bees
  2 goliath beetles
  5 crimson imps
  6 orc priests
  4 jellies
  2 giant frog zombies
  7 worker ants
  2 giant frog skeletons
  3 centaur skeletons
  2 iguanas
  17 orc wizards
  4 hounds
  A killer bee zombie (D:8)
  3 gnolls
  16 adders
  3 river rats (D:5)
  2 shadow imps
  A giant mite (D:9)
  2 white imps
  5 worms
  An ufetubus (D:5)
  An adder zombie (D:8)
  4 adder skeletons
  5 giant geckos
  6 oozes
  42 orcs
  2 bat skeletons
  5 giant cockroaches
  13 hobgoblins
  12 jackals
  6 quokkas
  2 ball pythons
  A ball python skeleton (D:4)
  27 bats
  A giant gecko skeleton (D:5)
  3 giant newts
  12 goblins
  A jackal skeleton (D:4)
  14 kobolds
  A quokka skeleton (D:5)
  26 rats
  A spectral orc (D:9)
329 creatures vanquished.

Vanquished Creatures (others)
  A slave (D:9)
  A hound (D:6)
  An orc (D:7)
  A giant gecko zombie (D:5)
4 creatures vanquished.

Grand Total: 333 creatures vanquished

Notes
Turn   | Place    | Note
--------------------------------------------------------------
     0 | D:1      | Fusha, the Demigod Assassin, began the quest for the Orb.
     0 | D:1      | Reached XP level 1. HP: 17/17 MP: 2/2
   348 | D:1      | Reached skill level 4 in Stealth
   348 | D:1      | Reached XP level 2. HP: 21/24 MP: 3/3
   458 | D:1      | Reached skill level 1 in Dodging
  1058 | D:2      | Reached XP level 3. HP: 9/29 MP: 5/5
  1704 | D:2      | Found a blossoming altar of Fedhas.
  1774 | D:2      | Reached XP level 4. HP: 36/36 MP: 7/7
  2346 | D:3      | Found a sacrificial altar of Ru.
  2512 | D:3      | Found a shadowy altar of Dithmenos.
  2713 | D:2      | Reached XP level 5. HP: 10/42 MP: 8/8
  3475 | D:4      | Noticed an ogre
  3639 | D:4      | Found a shimmering altar of Xom.
  3833 | D:4      | Reached XP level 6. HP: 30/50 MP: 10/10
  3887 | D:4      | Found a radiant altar of Vehumet.
  3999 | D:4      | Found Zin's Purification Station.
  4037 | D:4      | Found a glowing silver altar of Zin.
  4042 | D:4      | Reached skill level 5 in Stealth
  4109 | D:4      | Killed an ogre
  4439 | D:4      | Reached XP level 7. HP: 45/56 MP: 12/12
  5561 | D:5      | Entered Level 5 of the Dungeon
  5584 | D:5      | Noticed Eustachio
  6403 | D:5      | Learned a level 2 spell: Swiftness
  7191 | D:5      | Reached skill level 5 in Dodging
  7728 | D:5      | Reached XP level 8. HP: 64/64 MP: 13/13
  7883 | D:4      | Killed Eustachio
  7883 | D:4      | Reached skill level 6 in Dodging
  7948 | D:6      | Found a staircase to the Ecumenical Temple.
  7960 | D:6      | Found Geadaqeg's Jewellery Emporium.
  7976 | D:6      | Bought a +2 ring of dexterity for 90 gold pieces
  7983 | D:6      | Noticed Pikel
  8106 | D:6      | Killed Pikel
  8314 | D:6      | Reached skill level 1 in Evocations
  8565 | D:6      | Found a glowing golden altar of the Shining One.
  8850 | D:7      | Learned a level 1 spell: Summon Butterflies
  9258 | D:7      | Reached skill level 7 in Dodging
  9449 | D:7      | Reached XP level 9. HP: 72/72 MP: 16/16
  9494 | D:7      | Found a sparkling altar of Nemelex Xobeh.
 10000 | D:7      | Found Klajuh's Gadget Shop.
 10764 | D:8      | Reached skill level 5 in Fighting
 11024 | D:7      | Reached skill level 5 in Short Blades
 11420 | D:8      | Found an opulent altar of Gozag.
 11506 | D:8      | Reached skill level 8 in Dodging
 12031 | D:8      | Found a viscous altar of Jiyva.
 12342 | D:8      | Noticed a moth of wrath
 12345 | D:8      | Found a bloodstained altar of Trog.
 12705 | D:9      | Noticed Blork the orc
 12730 | D:9      | Killed Blork the orc
 13068 | D:9      | Noticed Grum
 13129 | D:9      | Killed Grum
 13485 | D:8      | Reached XP level 10. HP: 38/83 MP: 18/18
 13953 | D:9      | Found a shattered altar of Ashenzari.
 14020 | D:9      | Found a basalt altar of Yredelemnul.
 14429 | D:10     | Entered Level 10 of the Dungeon
 14602 | D:10     | Noticed Erica
 14947 | D:10     | Reached skill level 9 in Dodging
 15434 | D:10     | Found a shattered altar of Ashenzari.
 15549 | D:10     | Found Schanteb's Armour Shop.
 15550 | D:10     | Noticed a hill giant
 15555 | D:10     | Killed a hill giant
 16096 | D:11     | Found a runed door.
 16112 | D:11     | Reached skill level 5 in Throwing
 16200 | D:11     | Killed from afar by an orc priest

Action                   |  1- 3 |  4- 6 |  7- 9 | 10-12 || total
-------------------------+-------+-------+-------+-------++-------
Melee: Dagger            |   114 |   200 |  1856 |    48 ||  2218
       Unarmed           |       |       |    18 |       ||    18
       Rapier            |       |       |       |   222 ||   222
 Fire: Blowgun           |    28 |    49 |    28 |    11 ||   116
 Cast: Swiftness         |       |       |     2 |       ||     2
Evoke: Wand              |       |       |    18 |     1 ||    19
  Use: Scroll            |     2 |     7 |     4 |     3 ||    16
       Potion            |     1 |     3 |     1 |       ||     5
 Stab: Sleeping          |     8 |     7 |    11 |    11 ||    37
       Distracted        |     3 |     1 |     2 |       ||     6
       Invisible         |       |     1 |       |       ||     1
       Paralysed         |       |     1 |       |       ||     1
  Eat: Bread ration      |     1 |     1 |     1 |     1 ||     4
       Pizza             |       |     1 |     1 |       ||     2
       Beef jerky        |       |     1 |     1 |     1 ||     3
       Chunk             |       |       |     9 |       ||     9
       Royal jelly       |       |       |     3 |     1 ||     4
       Meat ration       |       |       |     2 |       ||     2
       Fruit             |       |       |     3 |       ||     3
